 Dungeon Crawl Stone Soup version 0.27-a0-1101-ge311f74bc8 (webtiles) character file.

Game seed: 11056557857164714401

45080 pokeman the Eclecticist (level 13, -11/72 HPs)
             Began as a Deep Elf Hedge Wizard on Apr 28, 2021.
             Was an Elder of Vehumet.
             Mangled by a sun demon (19 damage)
             ... in a volcano.
             The game lasted 01:16:19 (19287 turns).

pokeman the Eclecticist (Deep Elf Hedge Wizard)    Turns: 19287, Time: 01:16:19

Health: -11/72     AC: 15    Str:  7    XL:     13   Next: 99%
Magic:  18/46      EV: 13    Int: 31    God:    Vehumet [****..]
Gold:   3278       SH:  0    Dex: 14    Spells: 33/49 levels left

rFire    . . .     SeeInvis +   F - +6 quarterstaff of Eternal Harmony {freeze, rElec Will+}
rCold    . . .     Faith    .   (shield currently unavailable)
rNeg     . . .     Spirit   .   L - +0 steam dragon scales
rPois    .         Reflect  .   q - +0 helmet
rElec    +         Harm     .   c - +2 cloak of the Thief {*Fog Slay-2 SInv Stlth+}
rCorr    .         Rampage  .   P - +0 pair of gloves
Will     ++...                  U - +2 pair of boots {Stlth+}
Stlth    ++++......             g - amulet of regeneration
HPRegen  1.22/turn              p - ring of magical power
MPRegen  0.30/turn              B - +6 ring of intelligence

@: no status effects
A: no striking features
a: Renounce Religion


You were in a volcano.
You worshipped Vehumet.
Vehumet was greatly pleased with you.
You visited 3 branches of the dungeon, and saw 17 of its levels.
You also visited: Ossuary and Volcano.

You collected 3278 gold pieces.

Inventory:

Hand Weapons
 A - a +0 shortbow of flaming
 F - the +6 quarterstaff of Eternal Harmony (weapon) {freeze, rElec Will+}
   (You found it on level 6 of the Dungeon)

   It has been specially enchanted to freeze those struck by it, causing extra
   injury to most foes and up to half again as much damage against particularly
   susceptible opponents.
   It can also slow down cold-blooded creatures.
   It insulates you from electricity.
   It increases your willpower.
 Y - a +4 vorpal hand crossbow
Missiles
 j - 140 bolts
Armour
 c - the +2 cloak of the Thief (worn) {*Fog Slay-2 SInv Stlth+}
   (You found it on level 11 of the Dungeon)

   It affects your accuracy and damage with ranged weapons and melee attacks
   (-2).
   It lets you see invisible.
   It makes you more stealthy.
 q - a +0 helmet (worn)
 v - a +0 troll leather armour
 w - a +0 buckler of cold resistance
 L - +0 steam dragon scales (worn)
 P - a +0 pair of gloves (worn)
 Q - a scarf of invisibility
 U - a +2 pair of boots of stealth (worn)
Jewellery
 b - the amulet "Ceades" {Acrobat rElec Int-5 Slay+2}
   (You found it on level 15 of the Dungeon)

   [amulet of the acrobat]

   It increases your evasion while moving and waiting.
   It affects your intelligence (-5).
   It affects your accuracy and damage with ranged weapons and melee attacks
   (+2).
   It insulates you from electricity.
 g - an amulet of regeneration (around neck)
 m - a ring of willpower
 n - a +4 ring of evasion
 p - a ring of magical power (left hand)
 x - a ring of protection from cold
 B - a +6 ring of intelligence (right hand)
Wands
 e - a wand of polymorph (12)
 i - a wand of flame (26)
 l - a wand of digging (7)
 o - a wand of mindburst (31)
 H - a wand of acid (31)
 N - a wand of iceblast (14)
Scrolls
 k - 2 scrolls of identify
 r - 4 scrolls of amnesia
 s - 3 scrolls of fog
 u - a scroll of enchant armour
 y - a scroll of magic mapping
 C - a scroll of blinking {unknown}
 D - 2 scrolls of teleportation
 G - 2 scrolls of immolation {unknown}
 J - a scroll of torment {unknown}
Potions
 a - a potion of haste
 d - 6 potions of heal wounds
 f - 2 potions of mutation {unknown}
 h - 2 potions of cancellation {unknown}
 t - 6 potions of curing
 z - a potion of might
 M - a potion of magic
 R - 2 potions of lignification {unknown}


   Skills:
 + Level 4.4 Fighting
 - Level 6.0 Armour
 - Level 3.0 Dodging
 - Level 3.0 Stealth
 - Level 4.0 Shields
 * Level 18.8 Spellcasting
 + Level 11.8 Conjurations
 - Level 1.1 Summonings
 - Level 1.1 Translocations
 + Level 11.3 Fire Magic
 - Level 3.0 Air Magic
 - Level 2.0 Earth Magic
 - Level 2.1 Poison Magic
 - Level 4.0 Evocations


You had 33 spell levels left.
You knew the following spells:

 Your Spells              Type           Power      Damage    Failure   Level
a - Magic Dart            Conj           100%       1d8       0%          1
b - Mephitic Cloud        Conj/Pois/Air  59%        N/A       1%          3
c - Call Imp              Summ           35%        N/A       1%          2
d - Blink                 Tloc           N/A        N/A       1%          2
e - Conjure Flame         Conj/Fire      79%        6-21      1%          3
f - Foxfire               Conj/Fire      100%       2x1d9     0%          1
g - Shock                 Conj/Air       100%       1d9       1%          1
h - Stone Arrow           Conj/Erth      100%       3d13      1%          3

Your spell library contained the following spells:

 Spells                   Type           Power      Damage    Failure   Level
 Eringya's Noxious Bog    Tmut/Pois      17%        N/A       32%         6
 Animate Skeleton         Necr           58%        N/A       1%          1
 Corona                   Hex            32%        N/A       1%          1
 Freeze                   Ice            100%       1d11      1%          1
 Pain                     Necr           100%       1d9       1%          1
 Ensorcelled Hibernation  Hex/Ice        58%        N/A       1%          2
 Slow                     Hex            29%        N/A       1%          2
 Dazzling Flash           Conj/Hex       100%       N/A       1%          3
 Frozen Ramparts          Ice            58%        1d7       1%          3
 Inner Flame              Hex/Fire       59%        N/A       1%          3
 Hailstorm                Conj/Ice       60%        3d13      1%          4
 Irradiate                Conj/Tmut      30%        3d24      1%          5
 Portal Projectile        Hex/Tloc       64%        N/A       3%          3
 Confusing Touch          Hex            29%        N/A       4%          3
 Ozocubu's Armour         Ice            29%        N/A       4%          3
 Tukima's Dance           Hex            29%        N/A       4%          3
 Vampiric Draining        Necr           14%        2d8       4%          3
 Leda's Liquefaction      Hex/Erth       17%        N/A       9%          4
 Animate Dead             Necr           14%        N/A       13%         4
 Cause Fear               Hex            14%        N/A       13%         4
 Agony                    Necr           29%        N/A       36%         5
 Metabolic Englaciation   Hex/Ice        14%        N/A       36%         5
 Statue Form              Tmut/Erth      23%        N/A       80%         6
 Blade Hands              Tmut           14%        N/A       90%         6
 Dragon Form              Tmut           14%        N/A       100%        7


Dungeon Overview and Level Annotations

Branches:
Dungeon (15/15)            Temple (1/1) D:5            Lair (1/6) D:11
    Orc (0/2) D:10         Vaults (0/5) D:13         Depths (0/5) D:15
Ossuary (visited)         Volcano (1/1)

Altars:
Ashenzari
Cheibriados
Dithmenos
Elyvilon
Fedhas
Gozag
Hepliaklqana
Kikubaaqudgha
Makhleb
Nemelex Xobeh
Okawaru
Qazlal
Ru
Sif Muna
Trog
Uskayaw
Vehumet
Wu Jian
Xom
Yredelemnul
Zin
The Shining One
Beogh

Shops:
D:10 *   D:12 (


Message History

The stone arrow hits the sun demon!
The sun demon is heavily wounded.
The sun demon hits you!
You are engulfed in flames!!
With a swish of your cloak, you release a cloud of fog.
The sun demon misses you.
Casting: Stone Arrow (safe; 1% risk of failure)
Confirm with . or Enter, or press ? or * to list all spells.
You blink.
The sun demon barely misses you.
Casting: Blink (safe; 1% risk of failure)
Confirm with . or Enter, or press ? or * to list all spells.
You blink.
The sun demon hits you!
You are engulfed in flames!
* * * LOW HITPOINT WARNING * * *
With a swish of your cloak, you release a cloud of fog.
The sun demon hits you.
* * * LOW HITPOINT WARNING * * *
You are engulfed in flames!
* * * LOW HITPOINT WARNING * * *
Unknown command.
Casting: Blink (safe; 1% risk of failure)
Confirm with . or Enter, or press ? or * to list all spells.
You blink.
Casting: Blink (safe; 1% risk of failure)
Confirm with . or Enter, or press ? or * to list all spells.
Aiming: Stone Arrow (safe; 1% risk of failure)
Press: ? - help, Shift-Dir - straight line, f/p - sun demon
Aim: a sun demon (heavily wounded, covered in acid, 72% to hit)
The stone arrow misses the sun demon.
The sun demon is no longer covered in acid.
Unknown command.
Casting: Stone Arrow (safe; 1% risk of failure)
Confirm with . or Enter, or press ? or * to list all spells.
Aiming: Stone Arrow (safe; 1% risk of failure)
Press: ? - help, Shift-Dir - straight line, f/p - sun demon
Aim: a sun demon (black smoke, heavily wounded, 72% to hit)
The stone arrow hits the sun demon!
The sun demon is severely wounded.
The sun demon hits you.
* * * LOW HITPOINT WARNING * * *
You are engulfed in flames!!
You die...

#§..§§h.##.§....#
#..≈3§§.# #....§#
#..#§#≈## ##...§#
#.§.§### ##§.#§.# #
#§§.≈# ##§§.§3.###
#..§†####§§§§.....#
#.§§.§##.§§§..§....
#..§.§§§.§§....§...
##@§§§§§§§.........
#.3§§§§§§.........
##§§§§§§§≈.≈≈#....
##..§§§##########
##§..## #####


You could see a sun demon.

Vanquished Creatures
  A dire elephant (D:15)
  A fire dragon (D:12)
  Josephine (D:11)
  Harold (D:7)
  A great orb of eyes (D:15)
  6 hydras
  A catoblepas (D:14)
  A boulder beetle (D:15)
  3 centaur warriors
  3 two-headed ogres
  A death knight (D:14)
  2 dancing weapons (D:13)
  4 tengu warriors
  A sun demon (Volcano)
  5 skeletal warriors (D:15)
  A wizard (D:15)
  3 harpies (D:14)
  8 ugly things
  3 cyclopes
  A salamander (D:15)
  3 manticores
  3 smoke demons (Volcano)
  3 gargoyles
  The ghost of kd29 the Cudgeller, a novice FoFi (D:5)
  A komodo dragon (D:10)
  4 tengu conjurers
  A komodo dragon (shapeshifter) (D:14)
  A freezing wraith (D:12)
  4 trolls
  Grinder (D:5)
  5 slime creatures
  3 shadows
  A vampire (D:11)
  3 wyverns
  6 wraiths
  5 basilisks
  9 yaks
  Eustachio (D:5)
  5 vampire mosquitoes
  5 steam dragons
  Menkaure (D:7)
  3 acid dragons
  Duvessa (D:4)
  3 hell hounds (Volcano)
  2 water moccasins (D:7)
  A black bear (D:5)
  A black bear (shapeshifter) (D:15)
  A hornet zombie (D:6)
  An ice beast (D:5)
  7 orc warriors
  A sky beast (D:7)
  The ghost of zarzak the Shield-Bearer, an amateur DgFi (D:4)
  A necrophage (D:8)
  7 centaurs
  A kobold brigand (D:11)
  2 bullfrogs
  A gnoll sergeant (D:8)
  A scorpion (D:5)
  Dowan (D:4)
  3 killer bees (D:9)
  11 wights
  2 howler monkeys
  7 centaur zombies
  2 jellies
  A centaur skeleton (D:7)
  3 hounds
  9 orc priests
  3 gnoll shamans
  A human zombie (Ossuary)
  A scorpion zombie (D:5)
  Ijyb (D:5)
  5 iguanas
  9 orc wizards
  A statue (D:12)
  4 killer bee zombies (D:7)
  A hound zombie (D:5)
  A hound skeleton (D:5)
  2 mummies (Ossuary)
  13 gnolls
  5 adders
  2 shadow imps (D:7)
  An ufetubus (D:6)
  2 adder skeletons (D:5)
  A worm (D:3)
  2 dart slugs
  65 orcs
  8 bats
  7 endoplasms
  3 giant cockroaches
  14 goblins
  7 hobgoblins
  7 jackals
  11 kobolds
  8 quokkas
  4 ball pythons
  4 frilled lizards
  2 gnoll zombies (Ossuary)
  4 goblin zombies (Ossuary)
  3 hobgoblin zombies (Ossuary)
  3 orc zombies (Ossuary)
  3 rats
396 creatures vanquished.

Vanquished Creatures (collateral kills)
  An iguana (D:3)
  6 orcs
7 creatures vanquished.

Vanquished Creatures (others)
  243 foxfires
  20 plants (D:10)
  A withered plant (D:14)
264 creatures vanquished.

Grand Total: 667 creatures vanquished

Notes
Turn   | Place    | Note
-------+----------+-------------------------------------------
     0 | D:1      | pokeman the Deep Elf Hedge Wizard began the quest for the
                  | Orb.
     0 | D:1      | Reached XP level 1. HP: 10/10 MP: 7/7
   217 | D:1      | Reached XP level 2. HP: 15/15 MP: 5/9
   654 | D:1      | Found a faded altar of an unknown god.
   783 | D:1      | Reached skill level 5 in Spellcasting
   990 | D:1      | Reached XP level 3. HP: 20/20 MP: 8/11
   994 | D:1      | Learned a level 3 spell: Mephitic Cloud
   997 | D:1      | Learned a level 2 spell: Call Imp
  1000 | D:1      | Learned a level 2 spell: Blink
  1004 | D:1      | Learned a level 3 spell: Conjure Flame
  1204 | D:1      | Reached skill level 1 in Fighting
  1386 | D:2      | Reached skill level 1 in Armour
  1829 | D:2      | Reached XP level 4. HP: 25/25 MP: 3/13
  2415 | D:3      | You fall into a shaft and drop 3 floors!
  2420 | D:6      | Noticed a bullfrog
  2446 | D:6      | Killed a bullfrog
  2447 | D:6      | Reached skill level 1 in Shields
  2447 | D:6      | Reached skill level 6 in Spellcasting
  2447 | D:6      | Reached XP level 5. HP: 29/29 MP: 11/15
  2451 | D:6      | Noticed a two-headed ogre
  2482 | D:6      | Killed a two-headed ogre
  2483 | D:6      | Reached skill level 8 in Spellcasting
  2483 | D:6      | Reached XP level 6. HP: 34/34 MP: 13/19
  2483 | D:6      | Reached XP level 7. HP: 38/38 MP: 13/20
  2578 | D:5      | Entered Level 5 of the Dungeon
  2622 | D:5      | Reached skill level 1 in Poison Magic
  2625 | D:5      | Noticed Eustachio
  2627 | D:5      | Reached XP level 8. HP: 36/43 MP: 0/22
  2637 | D:5      | Found a large runed translucent door.
  2637 | D:5      | Found a large runed translucent door.
  2734 | D:5      | Killed Eustachio
  2735 | D:5      | Reached skill level 9 in Spellcasting
  2857 | D:5      | Found a staircase to the Ecumenical Temple.
  2857 | D:5      | Noticed Grinder
  2864 | Temple   | Entered the Ecumenical Temple
  2871 | Temple   | Became a worshipper of Vehumet
  2896 | D:5      | Paralysed by Grinder for 6 turns
  2905 | D:5      | Paralysed by Grinder for 2 turns
  3000 | D:5      | Found a sand-covered staircase.
  3009 | Ossuary  | Entered an ossuary
  3126 | Ossuary  | Reached skill level 5 in Conjurations
  3339 | D:5      | Reached * piety under Vehumet
  3339 | D:5      | Offered knowledge of Shock by Vehumet.
  3342 | D:5      | Learned a level 1 spell: Shock
  4318 | D:4      | Noticed Dowan
  4322 | D:4      | Noticed Duvessa
  4331 | D:4      | Killed Duvessa
  4332 | D:4      | Reached skill level 10 in Spellcasting
  4342 | D:4      | Killed Dowan
  4660 | D:4      | Found a runed translucent gate.
  4661 | D:4      | Found a runed translucent gate.
  4661 | D:4      | Found a runed translucent gate.
  4662 | D:4      | Noticed zarzak's ghost (amateur DgFi)
  4663 | D:4      | You fall into a shaft and drop 3 floors!
  4708 | D:6      | Identified the +6 quarterstaff of Eternal Harmony {freeze,
                  | rElec Will+}
  4827 | D:4      | Reached ** piety under Vehumet
  4827 | D:4      | Offered knowledge of Foxfire by Vehumet.
  4905 | D:4      | Killed zarzak's ghost
  5072 | D:5      | Noticed kd29's ghost (novice FoFi)
  5541 | D:5      | Reached XP level 9. HP: 48/48 MP: 25/25
  5739 | D:5      | Killed Grinder
  5873 | D:5      | Found a sparkling altar of Nemelex Xobeh.
  5873 | D:5      | Found a transporter.
  5873 | D:5      | Noticed a cyclops
  5873 | D:5      | Noticed Ijyb
  5884 | D:5      | Killed Ijyb
  6199 | D:5      | Killed kd29's ghost
  6200 | D:5      | Reached skill level 11 in Spellcasting
  6440 | D:6      | Learned a level 1 spell: Foxfire
  6444 | D:6      | Reached skill level 5 in Fire Magic
  7231 | D:7      | Noticed Menkaure
  7236 | D:7      | Killed Menkaure
  7369 | D:7      | Offered knowledge of Stone Arrow by Vehumet.
  7374 | D:7      | Learned a level 3 spell: Stone Arrow
  7445 | D:7      | Noticed Harold
  7512 | D:7      | Killed Harold
  7513 | D:7      | Reached skill level 12 in Spellcasting
  7513 | D:7      | Reached skill level 1 in Earth Magic
  7513 | D:7      | Reached skill level 1 in Evocations
  7513 | D:7      | Reached XP level 10. HP: 49/53 MP: 17/28
  7533 | D:7      | Reached *** piety under Vehumet
  8045 | D:7      | Offered knowledge of Sticky Flame by Vehumet.
  8772 | D:8      | Reached skill level 13 in Spellcasting
  8803 | D:8      | Found a white marble altar of Elyvilon.
  9045 | D:8      | Found a broken altar of Ashenzari.
  9053 | D:8      | Found a sacrificial altar of Ru.
  9293 | D:9      | Identified the +0 pair of gloves of the Gate {Harm Str+4
                  | Int+2 Dex-5}
  9502 | D:9      | Reached **** piety under Vehumet
  9723 | D:9      | You fall into a shaft and drop 3 floors!
  9735 | D:11     | Noticed Josephine
  9736 | D:11     | Offered knowledge of Ignite Poison by Vehumet.
  9737 | D:11     | Reached XP level 11. HP: 60/60 MP: 30/30
  9758 | D:11     | Killed Josephine
  9856 | D:12     | Noticed a brown ugly thing
  9865 | D:12     | Killed a brown ugly thing
  9906 | D:12     | Found a radiant altar of Vehumet.
  9933 | D:12     | Noticed a two-headed ogre
  9938 | D:12     | Killed a two-headed ogre
  9939 | D:12     | Reached skill level 14 in Spellcasting
  9990 | D:12     | Noticed a seven-headed hydra
  9994 | D:12     | Noticed a fire dragon
 10053 | D:12     | Noticed a six-headed hydra
 10063 | D:12     | Killed a six-headed hydra
 10223 | D:10     | Entered Level 10 of the Dungeon
 10592 | D:10     | Noticed a two-headed ogre
 10600 | D:10     | Killed a two-headed ogre
 10705 | D:10     | Reached ***** piety under Vehumet
 10780 | D:10     | Found a staircase to the Orcish Mines.
 10870 | D:10     | Found Xotom's General Store.
 10890 | D:10     | Offered knowledge of Eringya's Noxious Bog by Vehumet.
 10942 | D:10     | Reached skill level 15 in Spellcasting
 11707 | Temple   | Identified 2 scrolls of acquirement
 11735 | D:5      | Acquired 626 gold pieces
 11737 | D:5      | Acquired 1254 gold pieces
 12322 | D:11     | Found the +2 cloak of the Thief {*Fog Slay-2 SInv Stlth+}
 12368 | D:11     | Found a staircase to the Lair.
 12534 | D:11     | Noticed a brown ugly thing
 12539 | D:11     | Killed a brown ugly thing
 12540 | D:11     | Reached XP level 12. HP: 46/66 MP: 27/33
 13399 | D:12     | Found Fakkip's Weapon Emporium.
 13643 | D:12     | Killed a fire dragon
 13725 | D:12     | Noticed a tengu warrior
 13738 | D:12     | Reached skill level 16 in Spellcasting
 13741 | D:12     | Killed a tengu warrior
 13929 | D:12     | Reached skill level 10 in Conjurations
 13938 | D:12     | Killed a seven-headed hydra
 14327 | D:13     | Noticed a five-headed hydra
 14336 | D:13     | Killed a five-headed hydra
 14522 | D:13     | Noticed a centaur warrior
 14530 | D:13     | Killed a centaur warrior
 14690 | D:13     | Found a gate to the Vaults.
 14872 | D:13     | Found a glowing silver altar of Zin.
 15522 | D:14     | Noticed a four-headed hydra
 15529 | D:14     | Killed a four-headed hydra
 15619 | D:14     | Noticed a centaur warrior
 15625 | D:14     | Killed a centaur warrior
 15626 | D:14     | Reached skill level 17 in Spellcasting
 15626 | D:14     | Reached skill level 10 in Fire Magic
 15682 | D:14     | Noticed a tengu warrior
 15731 | D:14     | Noticed a tengu warrior
 15737 | D:14     | Killed a tengu warrior
 15854 | D:14     | Noticed a death knight
 15862 | D:14     | Killed a death knight
 15863 | D:14     | Reached XP level 13. HP: 56/70 MP: 29/36
 16145 | D:14     | Reached skill level 5 in Armour
 17008 | D:15     | Entered Level 15 of the Dungeon
 17056 | D:15     | Identified the amulet "Ceades" {Acrobat rElec Int-5 Slay+2}
 17072 | D:15     | Identified the +8 short sword "Qubog" {antimagic, rElec}
 17273 | D:15     | Reached skill level 18 in Spellcasting
 17383 | D:15     | Noticed a dire elephant
 17413 | D:15     | Killed a dire elephant
 17576 | D:15     | Found a staircase to the Depths.
 18987 | Lair:1   | Entered Level 1 of the Lair of Beasts
 19056 | Lair:1   | Found a dark tunnel.
 19061 | Volcano  | Entered a volcano
 19287 | Volcano  | Mangled by a sun demon

Illustrated notes

Levels and vault maps discovered:
D:1:      giann_forest_graveyard, layout_basic,
          chequers_ecumenical_altar_simple_redux, amcnicky_mini_pool_small
D:2:      layout_rooms, hangedman_decor_points
D:3:      layout_rooms, minmay_vboxes
D:4:      layout_basic, biasface_ghost_orc_armoury, uniq_duvessa
D:5:      layout_basic, grunt_nemelex_the_gamble, minmay_temple_entry_wispy,
          ebering_ghost_disaster_area, enter_ossuary_1, uniq_eustachio,
          uniq_ijyb, uniq_grinder
D:6:      layout_loops_ring, amcnicky_mini_rare_corridor_liquid
D:7:      minmay_thinvault, layout_basic, uniq_harold, uniq_menkaure
D:8:      layout_rooms, elyvilon_altar_1, minitemple
D:9:      layout_roguey [special_room_orc]
D:10:     minmay_weird_star, layout_gridville, david_orc_2, serial_shops,
          nicolae_shop_trees
D:11:     layout_layer_cave, lair_entry_dummy, serial_glass, glass_columns_b,
          glass_columns_a, evilmike_butchery, uniq_josephine
D:12:     minmay_curly_fans, layout_loops_ring, serial_shops,
          nicolae_shop_stone, vehumet_statue
D:13:     layout_layer_cave, erik_vaults_1, zin_scriptorium
D:14:     layout_cave_pools, minmay_door_square, argonaut_gorgonesque
D:15:     hangedman_depths_entry_try_elsewhere_first, layout_irregular_city,
          minivault_19
Temple:   nicolae_temple_no_exploring_needed
Lair:1:   layout_roguey, enter_volcano_4, serial_bayou_pond_b
Volcano:  hellmonk_smoking_crater

Skill      XL: |  1  2  3  4  5  6  7  8  9 10 11 12 13 |
---------------+----------------------------------------+-----
Spellcasting   | 5 6 8 10 12 13 15 17 18 | 18.8
Fighting       | 1 2 3 4 |  4.4
Armour         | 1 2 3 4 6 |  6.0
Conjurations   | 2 4 5 7 8 9 10 11 | 11.8
Dodging        | 3 |  3.0
Shields        | 1 2 3 4 |  4.0
Fire Magic     | 3 4 5 7 8 10 11 | 11.3
Air Magic      | 2 3 |  3.0
Poison Magic   | 1 2 |  2.1
Stealth        | 3 |  3.0
Earth Magic    | 1 2 |  2.0
Evocations     | 1 4 |  4.0
Summonings     | |  1.1
Translocations | |  1.1

Action                   |  1- 3 |  4- 6 |  7- 9 | 10-12 | 13-15 || total
-------------------------+-------+-------+-------+-------+-------++-------
Melee: Dagger            |       |    14 |       |       |       ||    14
       Short sword       |       |     6 |    59 |       |       ||    65
       Quarterstaff      |       |       |    50 |   107 |    12 ||   169
 Cast: Magic Dart        |   108 |    23 |   111 |     8 |       ||   250
       Mephitic Cloud    |     1 |     3 |    25 |    44 |    12 ||    85
       Call Imp          |       |     1 |    12 |     6 |     4 ||    23
       Conjure Flame     |       |       |    27 |    32 |    19 ||    78
       Shock             |       |       |    71 |    75 |    13 ||   159
       Blink             |       |       |     3 |    54 |    10 ||    67
       Foxfire           |       |       |    28 |   102 |     3 ||   133
       Stone Arrow       |       |       |       |   157 |   178 ||   335
Evoke: Wand              |       |       |       |     3 |     4 ||     7
  Use: Scroll            |       |       |       |    20 |     1 ||    21
 Stab: Confused          |       |     3 |     3 |    12 |     1 ||    19
       Petrified         |       |       |       |       |     1 ||     1
Armor: Leather armour    |     8 |     3 |    43 |       |       ||    54
       Steam dragon scal |       |       |       |    58 |    22 ||    80
Dodge: Dodged            |     8 |    17 |    97 |   103 |    34 ||   259

Table legend: (Time is in decaauts)
 A = Elapsed time spent in this place.
 B = Non-inter-level travel time spent in this place.
 C = Inter-level travel time spent in this place.
 D = Time resting spent in this place.
 E = Time spent auto-exploring this place.
 F = Levels seen in this place.
 G = Mean time per level.
                   A        B        C        D        E       F      G
               +--------+--------+--------+--------+--------+-----+--------+
         Total |  19357 |  18477 |    880 |   1717 |  12739 |  19 | 1018.8 |
       Dungeon |  18746 |  17868 |    878 |   1626 |  12516 |  15 | 1249.7 |
        Temple |     69 |     67 |      2 |      0 |      0 |   1 |   69.0 |
          Lair |     73 |     73 |      0 |      0 |      0 |   1 |   73.0 |
       Ossuary |    242 |    242 |      0 |     57 |    104 |   1 |  242.0 |
       Volcano |    225 |    225 |      0 |     34 |    119 |   1 |  225.0 |
               +--------+--------+--------+--------+--------+-----+--------+

Top non-repeatable levels by time:
    D:15: 1847 daAuts
     D:5: 1798 daAuts
    D:11: 1586 daAuts
    D:14: 1547 daAuts
     D:7: 1529 daAuts
    D:12: 1444 daAuts
     D:1: 1383 daAuts
    D:13: 1245 daAuts
    D:10: 1082 daAuts
     D:3: 1029 daAuts
     D:6: 1015 daAuts
     D:4: 913 daAuts
     D:9: 826 daAuts
     D:2: 782 daAuts
     D:8: 713 daAuts
